 Dungeon Crawl Stone Soup version 0.28.0 (webtiles) character file.

Game seed: 13606099390524933642

3730 diecastcamel the Cleaver (level 9, -10/82 HPs)
             Began as a Minotaur Berserker on Feb 5, 2022.
             Was a Priest of Trog.
             Mangled by an orc knight (21 damage)
             ... in a bailey.
             The game lasted 00:42:05 (7231 turns).

diecastcamel the Cleaver (Minotaur Berserker)       Turns: 7231, Time: 00:42:06

Health: -10/82     AC: 13    Str: 29    XL:     9   Next: 92%
Magic:  8/8        EV: 11    Int:  4    God:    Trog [***...]
Gold:   230        SH:  0    Dex: 11    Spells: 8/8 levels left

rFire   . . .      SeeInvis .   q - +9 mace of Perfectionism {holy, rPois Str+4}
rCold   . . .      Faith    .   (no shield)
rNeg    . . .      Spirit   .   g - +1 chain mail {Will+}
rPois   +          Reflect  .   (helmet restricted)
rElec   .          Harm     .   (no cloak)
rCorr   .          Rampage  .   (no gloves)
Will    +....                   f - +0 pair of boots
Stlth   ..........              (no amulet)
HPRegen 0.23/turn               (no ring)
MPRegen 0.11/turn               (no ring)

@: on berserk cooldown, slowed, very slow
A: horns 2, retaliatory headbutt
a: Renounce Religion, Berserk, Trog's Hand


You were in a bailey.
You worshipped Trog.
Trog was most pleased with you.
You visited 2 branches of the dungeon, and saw 8 of its levels.
You also visited: Bailey.

You collected 230 gold pieces.

Inventory:

Hand Weapons
 a - a +1 hand axe of venom
 o - a +0 war axe
 q - the +9 mace of Perfectionism (weapon) {holy, rPois Str+4}
   (You found it on level 6 of the Dungeon)

   It has been blessed by the Shining One to cause great damage to the undead
   and demons.
   Str:       It affects your strength (+4).
   rPois:     It protects you from poison.
Missiles
 i - 6 poisoned darts
 l - 5 boomerangs (quivered)
 r - 6 boomerangs of dispersal
Armour
 f - a +0 pair of boots (worn)
 g - a +1 chain mail of willpower (worn)
 n - a +0 plate armour
Wands
 j - a wand of flame (13)
 m - a wand of mindburst (10)
Scrolls
 d - a scroll of brand weapon
 e - 2 scrolls of fog
Potions
 c - 7 potions of curing
 h - a potion of flight {unknown}
 p - a potion of haste {unknown}


   Skills:
 + Level 8.5 Fighting
 + Level 9.1 Axes
 + Level 8.1 Armour
 + Level 7.3 Dodging
 - Level 5.0 Evocations


You had 8 spell levels left.
You didn't know any spells.
Your spell library was empty.

Dungeon Overview and Level Annotations

Branches:
Dungeon (7/15)             Temple (1/1) D:4          Bailey (1/1)

Altars:


Innate Abilities, Weirdness & Mutations

You have a pair of horns on your head.
You reflexively headbutt those who attack you in melee.


Message History

You sock the orc knight! You headbutt the orc knight!
The orc knight is moderately wounded.
The orc knight roars a battlecry!
The orc knight goes into a battle-frenzy!
The orc knight hits you with a +0 war axe!!
You hit the orc knight but do no damage.
Your punch misses the orc knight.
The orc knight is moderately wounded.
You hit the orc knight.
The orc knight is heavily wounded.
The goblin hits you but does no damage.
The orc knight hits you with a +0 war axe!!
The orc knight roars a battlecry!
You closely miss the orc knight. Your headbutt misses the orc knight.
The orc knight is heavily wounded.
The goblin hits you but does no damage.
The orc knight hits you with a +0 war axe!!
You closely miss the orc knight. You headbutt the orc knight!
The orc knight is heavily wounded.
The goblin misses you.
The orc knight hits you with a +0 war axe!!
* * * LOW HITPOINT WARNING * * *
You sock the orc knight!
The orc knight is severely wounded.
You are too berserk!
You are no longer berserk.
You are exhausted.
You feel yourself slow down.
There is an open gate, spattered with blood here.
Items here: )) [[.
Things that are here:
a +0 hand axe; a +0 leather armour The orc knight hits you with a +0 war axe.
* * * LOW HITPOINT WARNING * * *
The goblin closely misses you. You furiously retaliate!
You headbutt the goblin.
There is a gate leading back out of this place here.
The orc knight misses you.
The orc knight hits you with a +0 war axe!!
You die...

## ♣♣♣ #+#.### ♣♣♣♣.♣
###.....###♣♣♣....♣
##.........##......♣♣♣
#...........#........♣
#...........')o......♣
#.....⌠.....'oo@.∩..♣♣
#...........)g.......♣
#........o..#........♣
###.........##......♣♣♣
#.###.)...###♣♣......♣
....#o#.### ♣♣♣.♣♣♣♣
......### ♣♣♣ .......#
.......#


You could see 3 orc knights, an orc warrior (strong) and a goblin.

Vanquished Creatures
  An orc knight (Bailey)
  An unseen horror (D:6)
  Grinder (D:4)
  Sigmund (D:3)
  Eustachio (D:5)
  Duvessa (D:6)
  2 necrophages
  2 black bears (D:5)
  2 hornet zombies
  An ice beast (D:6)
  3 orc warriors (Bailey)
  A sky beast (D:6)
  2 ogres
  A centaur (D:6)
  A phantom (D:4)
  Blork the orc (D:5)
  A scorpion (D:4)
  A water moccasin zombie (D:5)
  Dowan (D:6)
  2 water moccasin skeletons (D:4)
  A howler monkey (D:3)
  2 jellies
  3 bullfrog zombies
  3 hounds
  A bullfrog skeleton (D:6)
  An orc priest (D:6)
  Terence (D:3)
  2 iguanas
  2 orc wizards
  A hound skeleton (D:4)
  12 gnolls
  11 adders
  4 worms
  A dart slug (D:2)
  19 orcs
  9 ball pythons
  4 endoplasms
  3 giant cockroaches
  13 goblins
  15 hobgoblins
  3 jackals (D:3)
  5 kobolds
  3 quokkas
  6 bats
  A frilled lizard (D:3)
  3 rats
156 creatures vanquished.

Vanquished Creatures (others)
  9 plants
9 creatures vanquished.

Grand Total: 165 creatures vanquished

Notes
Turn   | Place    | Note
-------+----------+-------------------------------------------
     0 | D:1      | diecastcamel the Minotaur Berserker began the quest for the
                  | Orb.
     0 | D:1      | Reached XP level 1. HP: 19/19 MP: 0/0
   364 | D:1      | You fall into a shaft and drop 1 floor!
   377 | D:2      | Reached XP level 2. HP: 27/27 MP: 1/1
   382 | D:2      | Reached skill level 4 in Axes
   596 | D:2      | Reached XP level 3. HP: 20/33 MP: 2/2
  1387 | D:1      | Found a faded altar of an unknown god.
  2126 | D:3      | Reached XP level 4. HP: 39/41 MP: 3/3
  2776 | D:3      | Reached XP level 5. HP: 36/47 MP: 4/4
  2779 | D:3      | Noticed Sigmund
  2932 | D:4      | Reached skill level 5 in Axes
  2988 | D:4      | Reached ** piety under Trog
  3212 | D:4      | Reached skill level 5 in Fighting
  3212 | D:4      | Reached XP level 6. HP: 41/56 MP: 5/5
  3403 | D:4      | Reached skill level 6 in Axes
  3466 | D:4      | Reached skill level 1 in Evocations
  3540 | D:4      | Noticed Grinder
  3549 | D:4      | Killed Grinder
  3550 | D:4      | Reached XP level 7. HP: 61/61 MP: 6/6
  3724 | D:4      | Found a staircase to the Ecumenical Temple.
  3730 | Temple   | Entered the Ecumenical Temple
  3861 | D:5      | Entered Level 5 of the Dungeon
  4244 | D:5      | Reached skill level 5 in Evocations
  4522 | D:5      | Noticed Blork the orc
  4527 | D:5      | Killed Blork the orc
  4528 | D:5      | Reached XP level 8. HP: 69/69 MP: 7/7
  4597 | D:5      | Noticed Eustachio
  4624 | D:5      | Killed Eustachio
  4625 | D:5      | Reached skill level 5 in Armour
  4884 | D:5      | Reached skill level 5 in Dodging
  4898 | D:5      | Reached skill level 7 in Axes
  5259 | D:6      | Killed an unseen horror
  5652 | D:6      | Reached XP level 9. HP: 78/79 MP: 8/8
  5803 | D:6      | Identified the +9 mace of Perfectionism {holy, rPois Str+4}
  5886 | D:6      | Reached skill level 8 in Axes
  6091 | D:6      | Noticed Dowan
  6100 | D:6      | Reached *** piety under Trog
  6100 | D:6      | Noticed Duvessa
  6109 | D:6      | Killed Dowan
  6113 | D:6      | Killed Duvessa
  6570 | D:3      | Killed Sigmund
  6685 | D:3      | Noticed Terence
  6690 | D:3      | Killed Terence
  6931 | D:7      | Found a flagged portal.
  6957 | Bailey   | Entered a bailey
  7104 | Bailey   | Noticed an orc knight
  7119 | Bailey   | Killed an orc knight
  7120 | Bailey   | Reached skill level 9 in Axes
  7190 | Bailey   | Noticed an orc knight
  7190 | Bailey   | Noticed an orc knight
  7190 | Bailey   | Noticed an orc knight
  7231 | Bailey   | Mangled by an orc knight

Illustrated notes

Levels and vault maps discovered:
D:1:      elethiomel_arrival_quiet, layout_loops_corners,
          hellmonk_ecumenical_altar_leap_of_faith, minmay_misc_feat_tiny,
          moated_statue
D:2:      layout_basic
D:3:      layout_basic, uniq_sigmund, uniq_terence
D:4:      layout_gridville, minmay_temple_entry_gardened_gates,
          minmay_misc_feat_pillars, corexii_corridor_pit,
          minmay_fractal_squares_diagonal_5, uniq_grinder
D:5:      layout_rooms, uniq_eustachio, uniq_blork_the_orc
D:6:      corexii_shack_village, layout_loops_ring, uniq_duvessa
D:7:      layout_basic, enter_bailey_2
Temple:   roderic_octagonal_lattice_temple
Bailey:   bailey_axe_minmay_hex_keep, bailey

Skill      XL: |  1  2  3  4  5  6  7  8  9 |
---------------+----------------------------+-----
Fighting       | 4 5 7 8 |  8.5
Axes           | 4 5 6 7 9 |  9.1
Armour         | 3 4 6 8 |  8.1
Dodging        | 3 4 5 7 |  7.3
Evocations     | 3 5 |  5.0

Action                   |  1- 3 |  4- 6 |  7- 9 || total
-------------------------+-------+-------+-------++-------
Melee: Hand axe          |    63 |   119 |   172 ||   354
       Headbutt          |     8 |    21 |    54 ||    83
       Punch             |       |     1 |     8 ||     9
       Mace              |       |       |   106 ||   106
Invok: Berserk           |     2 |     1 |     4 ||     7
       Trog's Hand       |       |     2 |     4 ||     6
Evoke: Wand              |       |     1 |     4 ||     5
  Use: Scroll            |     4 |       |    11 ||    15
       Potion            |       |       |     2 ||     2
 Stab: Paralysed         |       |     3 |       ||     3
Armor: Animal skin       |     2 |       |       ||     2
       Leather armour    |    16 |     2 |       ||    18
       Scale mail        |       |    47 |    15 ||    62
       Plate armour      |       |       |   123 ||   123
       Chain mail        |       |       |    12 ||    12
Dodge: Dodged            |    42 |    49 |   101 ||   192
